 Dungeon Crawl Stone Soup version 0.28.0 (webtiles) character file.

Game seed: 8099302492064953988

17 AmazingTV the Sneak (level 2, -1/14 HPs)
             Began as a Spriggan Brigand on June 24, 2022.
             Splashed by a jelly's acid (8 damage)
             ... on level 4 of the Dungeon.
             The game lasted 00:02:39 (1852 turns).

AmazingTV the Sneak (Spriggan Brigand)              Turns: 1852, Time: 00:02:40

Health: -1/14      AC:  3    Str:  7    XL:     2   Next: 44%
Magic:  3/3        EV: 17    Int: 12    God:
Gold:   135        SH:  0    Dex: 16    Spells: 1/1 levels left

rFire   . . .      SeeInvis +   b - +0 rapier
rCold   . . .      Faith    .   (no shield)
rNeg    . . .      Spirit   .   k - +0 robe
rPois   .          Reflect  .   (helmet restricted)
rElec   .          Harm     .   c - +0 cloak
rCorr   .          Rampage  .   (gloves unavailable)
Will    .....                   (boots unavailable)
Stlth   +++.......              (no amulet)
HPRegen 0.04/turn               (no ring)
MPRegen 0.08/turn               (no ring)

@: very quick
A: very small, no large weapons, unfitting armour, see invisible, speed 3
a: no special abilities


You were on level 4 of the Dungeon.
You visited 1 branch of the dungeon, and saw 3 of its levels.

You collected 135 gold pieces.

Inventory:

Hand Weapons
 a - a +2 dagger
 b - a +0 rapier (weapon)
Missiles
 d - 8 poisoned darts (quivered)
 e - 2 curare-tipped darts
 i - 36 stones
Armour
 c - a +0 cloak (worn)
 k - a +0 robe (worn)
Jewellery
 g - a ring of flight
Scrolls
 f - 3 scrolls of teleportation {unknown}
 l - a scroll of immolation {unknown}
 m - a scroll of noise {unknown}
Potions
 h - a potion of curing {unknown}
 j - a potion of heal wounds {unknown}


   Skills:
 - Level 1.5 Fighting
 - Level 2.1 Short Blades
 + Level 2.3 Throwing
 + Level 2.0 Dodging
 * Level 6.5 Stealth


You had one spell level left.
You didn't know any spells.
Your spell library was empty.

Dungeon Overview and Level Annotations

Branches:
Dungeon (2/15)

Altars:


Innate Abilities, Weirdness & Mutations

You are very small and have problems with some larger weapons.
You are too small for most types of armour.
You have supernaturally acute eyesight. (SInv)
You cover ground extremely quickly. (Speed+++)


Message History

There is an open door here.
There is an open door here.
There is an open door here.
Found a stone staircase leading up.
There is an open door here.
A hobgoblin comes into view.
The hobgoblin hits you.
You hit the hobgoblin.
The hobgoblin is almost dead.
The hobgoblin hits you.
You hit the hobgoblin.
You kill the hobgoblin!
HP restored.
You open the door.
A sourceless malevolence fills the Dungeon...
You fall into a shaft and drop 2 floors!
The shaft crumbles and collapses.
A jelly and a hobgoblin come into view.
The hobgoblin shouts!
The jelly quivers.
Found 16 stones.
You hit the hobgoblin.
The hobgoblin is moderately wounded.
The hobgoblin hits you.
You hit the hobgoblin but do no damage.
The hobgoblin is moderately wounded.
The hobgoblin barely misses you.
You closely miss the hobgoblin.
The hobgoblin is moderately wounded.
The hobgoblin misses you. The jelly closely misses you. The hobgoblin hits you.
You closely miss the hobgoblin.
The hobgoblin is moderately wounded.
The hobgoblin barely misses you. The hobgoblin closely misses you.
You hit the hobgoblin.
The hobgoblin is severely wounded.
The jelly hits you.
You are splashed with acid!
Ouch! That really hurt!
You die...

..............##
...............#
...............##.
..................
..................
..................
#...............
#..(..J@.......
##....g........
####......#...
###...## . #####


You could see a jelly and a hobgoblin.

Vanquished Creatures
  A ball python (D:1)
  4 endoplasms
  3 hobgoblins
  2 kobolds (D:2)
  A quokka (D:2)
  3 rats
14 creatures vanquished.

Notes
Turn   | Place    | Note
-------+----------+-------------------------------------------
     0 | D:1      | AmazingTV the Spriggan Brigand began the quest for the Orb.
     0 | D:1      | Reached XP level 1. HP: 10/10 MP: 2/2
   170 | D:1      | Reached skill level 6 in Stealth
   456 | D:1      | Found a faded altar of an unknown god.
  1143 | D:2      | Reached XP level 2. HP: 14/14 MP: 3/3
  1844 | D:2      | You fall into a shaft and drop 2 floors!
  1852 | D:4      | Splashed by a jelly's acid

Illustrated notes

Levels and vault maps discovered:
D:1:      roderic_chinese_lattice_arrival, layout_loops_ring,
          hellmonk_ecumenical_altar_crossroads
D:2:      layout_basic, serial_curves, eino_curves_03, eino_curves_02,
          minmay_domino_4
D:4:      layout_cave_pods, slow_altar_1, mainiacjoe_overflow_cross_hatched,
          mainiacjoe_overflow_alcove_4

Skill      XL: |  1  2 |
---------------+-------+-----
Stealth        | 6 |  6.5
Dodging        | 2 |  2.0
Fighting       | |  1.5
Short Blades   | |  2.1
Throwing       | |  2.3

Action                   || total
-------------------------++-------
Melee: Dagger            ||    18
       Punch             ||     1
       Rapier            ||    10
 Stab: Sleeping          ||     7
       Distracted        ||     1
Dodge: Dodged            ||    10
